 Dungeon Crawl Stone Soup version 0.29-a0-998-g1987434951 (webtiles) character file.

Game seed: 2540736973951285112

338622 Sobieck the Slayer (level 21, -4/195 HPs)
             Began as a Barachi Hunter on Aug 5, 2022.
             Was an Initiate of Gozag.
             Killed from afar by a war gargoyle (15 damage)
             ... with a spray of metal splinters
             ... on level 5 of the Vaults.
             The game lasted 01:59:40 (40932 turns).

Sobieck the Slayer (Barachi Hunter)                Turns: 40932, Time: 01:59:41

Health: -4/195     AC: 34    Str: 29    XL:     21   Next: 94%
Magic:  30/30      EV: 38    Int: 12    God:    Gozag
Gold:   214        SH:  0    Dex: 38    Spells: 20/20 levels left

rFire   + + +      SeeInvis +   a - +9 arbalest (flame) {crossbow}
rCold   . . .      Faith    .   (shield currently unavailable)
rNeg    + + .      Spirit   .   f - +8 fire dragon scales of Birdsong {rF++ rC- SInv}
rPois   .          Reflect  .   Q - +0 helmet of Hangman {rC- Will+++ Str+2 Int+3}
rElec   +          Harm     .   R - scarf {rC+ rF+}
rCorr   .          Rampage  .   r - +3 pair of gauntlets of War {Slay+5}
Will    +++++                   U - +1 pair of boots "Fougeidu" {rF++ MP+9}
Stlth   ..........              w - amulet of Hyteqil {Fragile Will+ Regen+ Str+4}
HPRegen 1.22/turn               C - ring "Ylesaili" {rElec rC+ Dex+6 Stlth-}
MPRegen 0.22/turn               i - ring "Luakan" {*Slow rF+ rN++ Str+6 Dex+9}

@: brilliant, lethally poisoned (-4 -> -5), unable to hop, bribing [the Vaults],
slow
A: amphibious, slowness 1, strong legs 2, +LOS
}: 2/15 runes: decaying, serpentine
a: Hop, Renounce Religion, Potion Petition, Call Merchant, Bribe Branch


You were on level 5 of the Vaults.
You worshipped Gozag.
Gozag was aware of your devotion.
You visited 8 branches of the dungeon, and saw 39 of its levels.
You visited 1 bazaar.
You also visited: Gauntlet, Ice Cave and Volcano.

You collected 17601 gold pieces.
You spent 6788 gold pieces at shops.
You paid 10599 gold pieces to Gozag.


Innate Abilities, Weirdness & Mutations

You are amphibious.
You cover ground slowly.
You can hop long distances.
You have an extended range of vision and can be seen from far away.


   Skills:
 - Level 24.0 Fighting
 - Level 18.0 Ranged Weapons
 - Level 24.0 Armour
 + Level 21.6 Dodging
 - Level 0.8 Stealth


You had 20 spell levels left.
You didn't know any spells.
Your spell library contained the following spells:

 Spells                   Type           Power      Damage    Failure   Level
 Apportation              Tloc           0%         N/A       45%         1
 Foxfire                  Conj/Fire      0%         2x1d4     45%         1
 Magic Dart               Conj           0%         1d3       45%         1
 Necrotise                Necr           0%         1d4       45%         1
 Sandblast                Erth           0%         2d4       45%         1
 Shock                    Conj/Air       0%         1d3       45%         1
 Summon Small Mammal      Summ           0%         N/A       45%         1
 Call Imp                 Summ           0%         N/A       61%         2
 Searing Ray              Conj           0%         2d4       61%         2
 Static Discharge         Conj/Air       0%         3-3/arc   61%         2
 Sublimation of Blood     Necr           0%         N/A       61%         2
 Wereblood                Tmut           0%         N/A       61%         2
 Conjure Flame            Conj/Fire      0%         6-21      83%         3
 Dazzling Flash           Conj/Hex       0%         N/A       83%         3
 Frozen Ramparts          Ice            0%         1d8       83%         3
 Ignite Poison            Fire/Tmut/Pois 0%         N/A       83%         3
 Inner Flame              Hex/Fire       0%         N/A       83%         3
 Mephitic Cloud           Conj/Pois/Air  0%         N/A       83%         3
 Stone Arrow              Conj/Erth      0%         3d7       83%         3
 Summon Guardian Golem    Hex/Summ       0%         N/A       83%         3
 Swiftness                Air            0%         N/A       83%         3
 Teleport Other           Tloc           0%         N/A       83%         3
 Airstrike                Air            0%         2d(0-16)  99%         4
 Animate Armour           Summ/Erth      0%         N/A       99%         4
 Cause Fear               Hex            0%         N/A       99%         4
 Dispel Undead            Necr           0%         3d6       99%         4
 Flame Wave               Conj/Fire      0%         2d4       99%         4
 Fulminant Prism          Conj/Hex       0%         3d6       99%         4
 Ice Form                 Ice/Tmut       0%         N/A       99%         4
 Leda's Liquefaction      Hex/Erth       0%         N/A       99%         4
 Sticky Flame             Conj/Fire      0%         2d3       99%         4
 Summon Ice Beast         Ice/Summ       0%         N/A       99%         4
 Agony                    Necr           0%         N/A       100%        5
 Blade Hands              Tmut           0%         N/A       100%        5
 Borgnjor's Vile Clutch   Necr/Erth      0%         N/A       100%        5
 Fireball                 Conj/Fire      0%         3d3       100%        5
 Freezing Cloud           Conj/Ice/Air   0%         6-21      100%        5
 Iskenderun's Battlesphe  Conj           0%         2d6       100%        5
 Lee's Rapid Deconstruct  Erth           0%         3d5*      100%        5
 Summon Forest            Summ/Tloc      0%         N/A       100%        5
 Summon Mana Viper        Hex/Summ       0%         N/A       100%        5
 Conjure Ball Lightning   Conj/Air       0%         3x3d6     100%        6
 Death Channel            Necr           0%         N/A       100%        6
 Iron Shot                Conj/Erth      0%         9d1       100%        6
 Starburst                Conj/Fire      0%         6d3       100%        6
 Statue Form              Tmut/Erth      0%         N/A       100%        6
 Summon Cactus Giant      Summ           0%         N/A       100%        6
 Haunt                    Necr/Summ      0%         N/A       100%        7
 Orb of Destruction       Conj           0%         9d5       100%        7
 Spellforged Servitor     Conj/Summ      0%         N/A       100%        7
 Storm Form               Tmut/Air       0%         N/A       100%        7
 Summon Hydra             Summ           0%         N/A       100%        7
 Discord                  Hex            0%         N/A       100%        8
 Ignition                 Fire           0%         3d3       100%        8
 Chain Lightning          Conj/Air       0%         N/A       100%        9
 Death's Door             Necr           0%         N/A       100%        9
 Fire Storm               Conj/Fire      0%         5d1       100%        9
 Polar Vortex             Ice            0%         N/A       100%        9
 Shatter                  Erth           0%         3d5*      100%        9
 Animate Dead             Necr           Unusable   N/A       N/A         4
 Corpse Rot               Necr/Pois/Air  Unusable   N/A       N/A         4
 Simulacrum               Ice/Necr       Unusable   N/A       N/A         6

Inventory:

Hand Weapons
 a - a +9 arbalest of flaming (weapon) {crossbow}
   (You took it off an orc knight on level 2 of the Orcish Mines)
 b - a +5 arbalest of freezing {crossbow}
   (You took it off a yaktaur on level 1 of the Vaults)
Armour
 f - the +8 fire dragon scales of Birdsong (worn) {rF++ rC- SInv}
   (You bought it in a shop on level 2 of the Lair of Beasts)

   rF:        It greatly protects you from fire.
   rC:        It makes you vulnerable to cold.
   SInv:      It lets you see invisible.
 r - the +3 pair of gauntlets of War (worn) {Slay+5}
   (You bought it in a shop on level 2 of the Lair of Beasts)

   Slay:      It affects your accuracy & damage with ranged weapons and melee
   (+5).
 Q - the +0 helmet of Hangman (worn) {rC- Will+++ Str+2 Int+3}
   (You found it in a Gauntlet)

   Str:       It affects your strength (+2).
   Int:       It affects your intelligence (+3).
   rC:        It makes you vulnerable to cold.
   Will:      It greatly increases your willpower.
 R - a scarf of resistance (worn)
   (You bought it in a shop on level 1 of the Swamp)
 U - the +1 pair of boots "Fougeidu" (worn) {rF++ MP+9}
   (You found it on level 3 of the Elven Halls)

   rF:        It greatly protects you from fire.
   MP:        It affects your magic capacity (+9).
Jewellery
 i - the ring "Luakan" (right hand) {*Slow rF+ rN++ Str+6 Dex+9}
   (You took it off a deep elf elementalist on level 3 of the Elven Halls)

   [ring of strength]

   Str:       It affects your strength (+6).
   Dex:       It affects your dexterity (+9).
   rF:        It protects you from fire.
   rN:        It greatly protects you from negative energy.
   *Slow:     It may slow you when you take damage.
 p - a ring of resist corrosion
   (You found it on level 11 of the Dungeon)
 s - the ring "Zaluj" {rC+ rCorr Str+2}
   (You found it on level 2 of the Dungeon)

   [ring of protection from cold]

   Str:       It affects your strength (+2).
   rC:        It protects you from cold.
   rCorr:     It protects you from acid and corrosion.
 w - the amulet of Hyteqil (around neck) {Fragile Will+ Regen+ Str+4}
   (You found it on level 1 of the Elven Halls)

   [amulet of regeneration]

   Str:       It affects your strength (+4).
   Regen:     It increases your rate of health regeneration.
   Fragile:   It will be destroyed if unequipped.
   Will:      It increases your willpower.
 C - the ring "Ylesaili" (left hand) {rElec rC+ Dex+6 Stlth-}
   (You acquired it on level 5 of the Lair of Beasts)

   [ring of dexterity]

   Dex:       It affects your dexterity (+6).
   rC:        It protects you from cold.
   rElec:     It insulates you from electricity.
   Stlth:     It makes you less stealthy.
 D - a ring of flight
   (You bought it in a shop in a bazaar)
 F - the ring of Xirepui {Str-3 Int+4 Dex+4 SInv}
   (You found it on level 5 of the Lair of Beasts)

   [ring of see invisible]

   Str:       It affects your strength (-3).
   Int:       It affects your intelligence (+4).
   Dex:       It affects your dexterity (+4).
   SInv:      It lets you see invisible.
 Y - the ring of Zuschoal {rPois rF+ Int-2 SInv}
   (You took it off a minotaur in a Gauntlet)

   [ring of poison resistance]

   Int:       It affects your intelligence (-2).
   rF:        It protects you from fire.
   rPois:     It protects you from poison.
   SInv:      It lets you see invisible.
 Z - a ring of positive energy
   (You took it off a deep elf master archer on level 3 of the Elven Halls)
Wands
 E - a wand of mindburst (11)
   (You found it on level 4 of the Dungeon)
 K - a wand of polymorph (6)
   (You found it on level 4 of the Swamp)
 M - a wand of roots (57)
   (You took it off Sigmund on level 6 of the Dungeon)
 O - a wand of quicksilver (24)
   (You found it on level 14 of the Dungeon)
 P - a wand of paralysis (61)
   (You found it on level 7 of the Dungeon)
Scrolls
 d - 7 scrolls of summoning
 e - 4 scrolls of fear
 g - 7 scrolls of poison {!r}
 h - 3 scrolls of immolation {!r!r}
 m - 12 scrolls of teleportation {@r4}
 u - 2 scrolls of brand weapon
 v - 6 scrolls of butterflies
 B - 3 scrolls of magic mapping {!r}
 H - 2 scrolls of silence {!r}
 N - 6 scrolls of vulnerability {!r!r}
 T - 7 scrolls of blinking {!r}
 W - 9 scrolls of enchant armour
Potions
 j - 11 potions of might
 k - 3 potions of invisibility
 l - 6 potions of cancellation
 n - 9 potions of attraction {!q}
 o - 18 potions of curing {@q1}
 q - 5 potions of brilliance
 t - 4 potions of magic
 x - 4 potions of haste {@q3}
 y - 4 potions of ambrosia
 z - a potion of berserk rage {!q}
 A - 4 potions of resistance
 I - 8 potions of lignification {!q}
 J - 7 potions of heal wounds {@q2}
 L - 13 potions of mutation {!q}
 X - 6 potions of flight
Miscellaneous
 c - a lightning rod (4/4)
   (You found it on level 2 of the Vaults)
 G - a phial of floods
   (You found it on level 3 of the Elven Halls)
 S - a phantom mirror
   (You found it on level 4 of the Vaults)
 V - a tin of tremorstones (2/2) {throwing}
   (You found it on level 3 of the Elven Halls)

Dungeon Overview and Level Annotations

Branches:
Dungeon (15/15) Zot: 24924  Temple (1/1) D:4 Zot: 5982    Lair (5/5) D:11 Zot: 22906
  Swamp (4/4) Lair:2 Zot: 20572   Snake (4/4) Lair:2 Zot: 18511   Slime (0/5) Lair:5
    Orc (2/2) D:10 Zot: 8711     Elf (3/3) Orc:2 Zot: 13399  Vaults (5/5) D:13 Zot: 24781
  Crypt (0/3) Vaults:3     Depths (0/4) D:15          IceCv (visited)
Volcano (visited)         Gauntlet (visited)

Altars:
Ashenzari
Cheibriados
Dithmenos
Elyvilon
Fedhas
Gozag
Hepliaklqana
Kikubaaqudgha
Makhleb
Nemelex Xobeh
Okawaru
Qazlal
Ru
Sif Muna
Trog
Uskayaw
Vehumet
Wu Jian
Xom
Yredelemnul
Zin
The Shining One
Lugonu

Shops:
Orc:2 [(:*[(   Elf:1 [   Lair:2 [   Swamp:1 [   Snake:1 :   Vaults:4 ?(

Portals:
Abyss: Lair:5
Trove: D:11 (show slimy rune of Zot)

Annotations:
D:2 1 runed translucent door, Crazy Yiuf
D:3 2 transporters
D:7 1 transporter
Lair:1 2 transporters
Snake:1 2 transporters, kd29's ghost, journeyman FeSu
Elf:2 3 runed translucent doors
Vaults:4 exclusion: downstairs

###°°....(#
##:[°°...?#
##°...T...?#
##:..u°...?#
#°.$.....!#
$
##!....../#
##D.....))##
#°9.$.$$###
+@9C..###
##+#### $


You could see an iron dragon, a titan (strong, extremely poisoned), a white very
ugly thing (strong, extremely poisoned), 2 war gargoyles and a deep troll earth
mage.


Message History

The titan is engulfed in poison gas.
The titan looks as sick as possible!
The titan hits you but does no damage. The iron dragon completely misses you.
The iron dragon misses you. The iron dragon closely misses you.
Unknown command.
You feel much better.
The white very ugly thing is engulfed in poison gas.
The white very ugly thing is poisoned.
The war gargoyle completely misses you.
The war gargoyle hits you with a +0 morningstar!!
* * * LOW HITPOINT WARNING * * *
The ironbound convoker is engulfed in poison gas.
The ironbound convoker looks as sick as possible!
The titan hits you!
* * * LOW HITPOINT WARNING * * *
You feel much better.
The ironbound convoker is no longer distracted by gold.
The war gargoyle is distracted by your dazzling golden aura.
The war gargoyle completely misses you. The iron dragon bites you.
* * * LOW HITPOINT WARNING * * *
The iron dragon claws you but does no damage.
The iron dragon tramples you but does no damage.
The ironbound convoker is engulfed in poison gas.
The ironbound convoker looks as sick as possible!
You kill the ironbound convoker!
The titan casts a spell at you. The bolt of lightning hits you!! You resist.
* * * LOW HITPOINT WARNING * * *
The war gargoyle launches metal splinters at you.
The spray of metal splinters hits you!
* * * LOW HITPOINT WARNING * * *
The white very ugly thing is engulfed in poison gas.
The white very ugly thing looks even sicker.
Okay, then.
Unknown command.
Hop to where?
Press: ? - help, Dir - move target, p - war gargoyle Boing!
You are engulfed in poison gas.
You are poisoned.
* * * LOW HITPOINT WARNING * * *
You feel very sick.
You feel very sick.
The war gargoyle is no longer distracted by gold.
The white very ugly thing is engulfed in poison gas.
The white very ugly thing looks even sicker.
The iron dragon breathes metal splinters at you.
The spray of metal splinters misses you.
Unknown command.
Unknown command.
You feel much better.
You feel very sick.
The war gargoyle launches metal splinters at you.
The spray of metal splinters misses you.
The titan looks as sick as possible!
The titan is distracted by your dazzling golden aura.
The white very ugly thing is engulfed in poison gas.
The white very ugly thing looks as sick as possible!
The white very ugly thing is distracted by your dazzling golden aura.
The titan shouts!
You feel clever all of a sudden.
You feel sick. The war gargoyle completely misses you.
The war gargoyle launches metal splinters at you.
The spray of metal splinters misses you.
The white very ugly thing is engulfed in poison gas.
The white very ugly thing looks as sick as possible!
The titan is engulfed in poison gas.
The titan looks as sick as possible!
The war gargoyle launches metal splinters at you.
The spray of metal splinters misses you.
The war gargoyle hits you but does no damage.
Unknown command.
Unknown command.
Unknown command.
Okay, then.
You feel much better.
You feel sick.
The white very ugly thing is engulfed in poison gas.
The white very ugly thing looks as sick as possible!
The war gargoyle hits you with a +4 flail of protection!
* * * LOW HITPOINT WARNING * * *
The war gargoyle barely misses you.
You feel much better.
You feel sick.
The white very ugly thing is no longer distracted by gold.
The war gargoyle hits you with a +4 flail of protection!!!
* * * LOW HITPOINT WARNING * * *
The white very ugly thing is engulfed in poison gas.
The white very ugly thing looks as sick as possible!
The war gargoyle completely misses you.
The deep troll earth mage shouts!
Okay, then.
Unknown command.
Fire: a) +9 arbalest (flame) {crossbow}
Press: ? - help, Q - select action, (/) - cycle Shift-Dir - straight line, f - war gargoyle
Aim: a war gargoyle, wielding a +0 morningstar (91% to hit)
You shoot a bolt.
The bolt completely misses the war gargoyle.
You feel sick.
You hear a shout!
The war gargoyle hits you with a +4 flail of protection!!
* * * LOW HITPOINT WARNING * * *
The war gargoyle launches metal splinters at you.
The spray of metal splinters hits you!
You die...
Your body crumbles into a pile of gold.

Skill      XL: |  1  2  3  4  5  6  7  8  9 10 11 12 13 14 15 16 17 18 19 20 21 |
---------------+----------------------------------------------------------------+-----
Ranged Weapons | 5 6 7 8 9 11 14 16 18 | 18.0
Fighting       | 5 8 12 15 16 18 20 22 24 | 24.0
Armour         | 2 6 14 17 20 22 24 | 24.0
Dodging        | 3 7 10 12 14 16 18 20 21 | 21.6
Stealth        | |  0.8

Action                   |  1- 3 |  4- 6 |  7- 9 | 10-12 | 13-15 | 16-18 | 19-21 || total
-------------------------+-------+-------+-------+-------+-------+-------+-------++-------
Melee: Unarmed           |       |       |       |     5 |       |       |       ||     5
 Fire: Shortbow          |   106 |   151 |   236 |   901 |       |       |       ||  1394
       Arbalest          |       |       |       |       |  1012 |  1185 |  1215 ||  3412
Invok: Call Merchant     |       |       |       |       |     1 |     2 |     3 ||     6
       Potion Petition   |       |       |       |       |       |     1 |     1 ||     2
       Bribe Branch      |       |       |       |       |       |       |     1 ||     1
 Abil: Hop               |       |     2 |       |     5 |    14 |    23 |    12 ||    56
  Use: Scroll            |       |    10 |     5 |     5 |    19 |    15 |     8 ||    62
       Potion            |       |       |       |       |     3 |     2 |    10 ||    15
Armor: Leather armour    |    35 |    37 |    32 |    91 |    80 |       |       ||   275
       Fire dragon scale |       |       |       |       |   119 |   253 |   121 ||   493
Dodge: Dodged            |    50 |    42 |    39 |   183 |   441 |   769 |   672 ||  2196

Levels and vault maps discovered:
D:1:      dpeg_arrival_lava_temple_mockup, layout_basic, basic_ecumenical_altar
D:2:      layout_loops_ring, uniq_crazy_yiuf_cottage
D:3:      gammafunk_wand_slinger, layout_rooms, amcnicky_altar_gilded,
          nicolae_wu_jian_glorious_leap, lemuel_old_faithful
D:4:      layout_basic, minmay_temple_entry_water_ring
D:5:      layout_basic, chequers_temple_overflow_statue_of_worship
D:6:      layout_basic, old_standard_altar, uniq_sigmund, uniq_pikel
D:7:      layout_gridville, grunt_nemelex_the_gamble, okawaru_ov_weapons_minmay,
          uniq_menkaure
D:8:      layout_loops_cross, trog_three_pillars_becter
D:9:      layout_basic
D:10:     layout_roguey, orc_0_dummy, st_stairs_4
D:11:     layout_loops_ring, david_lair_shrubbed, enter_trove_2
D:12:     layout_basic, uniq_kirke, uniq_snorg, uniq_nergalle
D:13:     layout_basic, hangedman_vaults_entry_quadrant_bands, hex_large,
          lemuel_flamethrower_2
D:14:     layout_cave_pods, lemuel_coloured_pillars_altar, uniq_nessos
D:15:     hangedman_depths_entry_civil_slaughter, layout_stronghold,
          gauntlet_entry_generic, minmay_misc_feat_diagonals
Temple:   nicolae_temple_no_exploring_needed
Lair:1:   gammafunk_boulding_lane, layout_cave_pods, disabler_island
Lair:2:   layout_layer_cave, swamp_mist, minmay_snake_entry_guardpost_small,
          nicolae_volcano_entry_two_sided, uniq_amaemon
Lair:3:   layout_roguey, worms_lemuel, grunt_megastairs_5,
          infiniplex_staircase_pool
Lair:4:   layout_gridlike, portal_ice_cave_entry_animals_and_master,
          serial_bayou_shore_b, grunt_megastairs_2
Lair:5:   hellmonk_lair_end_abyssal_woods, layout_gridlike, slime_entry_1,
          uniq_urug, uniq_rupert
Swamp:1:  layout_basic_swamp, nicolae_swamp_godswood
Swamp:2:  layout_falls_marsh, evilmike_swamp_ruin_house_1, uniq_frances,
          uniq_roxanne
Swamp:3:  layout_falls_marsh, serial_swamp_ruin, evilmike_swamp_ruin_house_2,
          evilmike_swamp_ruin_house_3, hangedman_swamp_ruin_wall
Swamp:4:  swamp_old_school, layout_basic_swamp, grunt_ruined_hall
Snake:1:  layout_onion, gammafunk_ghost_wrathful_warriors, serial_shops,
          nicolae_take_the_stairs, corexii_hall_statues_u, uniq_aizul,
          uniq_louise
Snake:2:  layout_layer_cave
Snake:3:  layout_honeycomb, serial_shops, nicolae_shop_stone, grunt_megastairs_4
Snake:4:  grunt_snake_rune_serpentine_throne, layout_basic
Orc:1:    layout_diamond_mine, basic_altar, uniq_jorgrun, uniq_erolcha,
          uniq_josephine
Orc:2:    grunt_orc_gardens, layout_diamond_mine, grunt_orc_garden,
          grunt_orc_garden, grunt_orc_garden, grunt_orc_garden
Elf:1:    eino_elf_arrival_customs, layout_loops_corners, basic_altar,
          serial_shops, nicolae_shop_hallway_plus, minivault_28
Elf:2:    nicolae_elf_blades_splatter_lattice
          [nicolae_blade_entry_hurt_lockers], layout_geoelf_grid, serial_shops,
          bzr_entry_dummy, nicolae_elf_crossing_hall
Elf:3:    grunt_elf_hall_branching, layout_loops_corners, grunt_ministairs_5
Vaults:1: v_misc_5, ontoclasm_vaults_loading_screen, vaults_mumra_chevron,
          vaults_dpeg_hooks, v_misc_4, vaults_standard_mumra_enter_the_diamond,
          nicolae_vaults_ring_of_whatevers, nicolae_vaults_ring_of_whatevers,
          v_alt_pattern_4, vaults_room_grunt_arrival_ludios, v_rooms_2,
          vaults_mumra_hexcomb, layout_vaults_ring
Vaults:2: vaults_dpeg_doors, v_misc_2, nicolae_vaults_twisting_passages,
          grunt_vaults_twisty, nicolae_vaults_theta, v_misc_19,
          nicolae_vaults_rhombus_5, vaults_room_fours, layout_vaults_quadrants
Vaults:3: ontoclasm_vaults_loading_screen, ontoclasm_vaults_shuriken,
          grunt_vaults_bifocal, hangedman_vaults_trim, nicolae_vaults_alarming,
          vaults_room_pool, layout_vaults_big_room,
          minmay_crypt_entry_simple_round, uniq_margery, uniq_frederick,
          uniq_xtahua
Vaults:4: v_misc_11, nicolae_vaults_little_squares_5, vaults_room_octagon,
          v_rooms_3, vaults_standard_mumra_x, nicolae_vaults_yaktaur_gun_rack,
          vaults_room_guarded_vault, vaults_mumra_minichess, v_misc_16,
          hangedman_vaults_trim, nicolae_vaults_rhombus_5, layout_vaults_omnibox
Vaults:5

Notes
Turn   | Place    | Note
-------+----------+-------------------------------------------
     0 | D:1      | Sobieck the Barachi Hunter began the quest for the Orb.
     0 | D:1      | Reached XP level 1. HP: 17/17 MP: 1/1
   136 | D:1      | Reached XP level 2. HP: 23/23 MP: 2/2
   288 | D:1      | Found a faded altar of an unknown god.
   593 | D:2      | Identified the ring "Zaluj" {rC+ rCorr Str+2}
   699 | D:2      | Reached XP level 3. HP: 28/28 MP: 3/3
   824 | D:2      | Reached skill level 5 in Ranged Weapons
   990 | D:2      | You pick up a book of Blood and begin reading...
   990 | D:2      | You add the spells Sublimation of Blood, Wereblood and
                  | Summon Hydra to your library.
  1178 | D:2      | Found a runed translucent door.
  1179 | D:2      | Noticed Crazy Yiuf
  1230 | D:3      | Reached XP level 4. HP: 34/34 MP: 4/4
  1243 | D:3      | Found a transporter.
  1276 | D:3      | Found a glowing silver altar of Zin.
  1555 | D:3      | Found a transporter.
  1708 | D:3      | Found an ornate altar of the Wu Jian Council.
  1736 | D:4      | Found a staircase to the Ecumenical Temple.
  1790 | Temple   | Entered the Ecumenical Temple
  1797 | Temple   | Became a worshipper of Gozag Ym Sagoz the Greedy
  1847 | D:4      | Reached skill level 6 in Ranged Weapons
  1895 | D:4      | Reached XP level 5. HP: 39/39 MP: 5/5
  2227 | D:4      | Identified the +2 leather armour of Qazlal's Indignation
                  | {rPois Str+2}
  2492 | D:5      | Entered Level 5 of the Dungeon
  2514 | D:5      | Noticed a black bear
  2528 | D:5      | Killed a black bear
  2529 | D:5      | Reached skill level 7 in Ranged Weapons
  2529 | D:5      | Reached XP level 6. HP: 43/46 MP: 6/6
  2570 | D:5      | Noticed an ice beast
  2584 | D:5      | Killed an ice beast
  2585 | D:5      | Reached skill level 8 in Ranged Weapons
  2705 | D:5      | Found a hazy altar of Hepliaklqana.
  2705 | D:5      | Found a sacrificial altar of Ru.
  2707 | D:5      | Found a broken altar of Ashenzari.
  2713 | D:5      | Reached XP level 7. HP: 51/51 MP: 7/7
  2747 | D:5      | Found a snail-covered altar of Cheibriados.
  3017 | D:6      | Noticed Sigmund
  3022 | D:6      | Killed Sigmund
  3023 | D:6      | Reached skill level 9 in Ranged Weapons
  3100 | D:6      | Found a stormy altar of Qazlal.
  3144 | D:6      | Reached XP level 8. HP: 55/57 MP: 8/8
  3209 | D:6      | Noticed Pikel
  3228 | D:6      | Killed Pikel
  3229 | D:6      | Reached skill level 11 in Ranged Weapons
  3246 | D:6      | Noticed a wyvern
  3251 | D:6      | Killed a wyvern
  3367 | D:6      | Reached XP level 9. HP: 62/62 MP: 9/9
  3396 | D:6      | Reached skill level 12 in Ranged Weapons
  3398 | D:6      | Identified the +6 spear of Arrival {venom, Dex+3}
  4131 | D:7      | Found an iron altar of Okawaru.
  4319 | D:7      | Noticed a hornet
  4326 | D:7      | Killed a hornet
  4327 | D:7      | Reached skill level 13 in Ranged Weapons
  4457 | D:7      | Found a sparkling altar of Nemelex Xobeh.
  4457 | D:7      | Found a transporter.
  4457 | D:7      | Noticed a five-headed hydra
  4458 | D:7      | Noticed a cyclops
  4729 | D:7      | Noticed Menkaure
  4736 | D:7      | Killed Menkaure
  4862 | D:8      | Reached skill level 14 in Ranged Weapons
  4862 | D:8      | Found a bloodstained altar of Trog.
  4966 | D:8      | Reached XP level 10. HP: 68/68 MP: 10/10
  5602 | D:9      | You add the spells Summon Guardian Golem, Freezing Cloud,
                  | Summon Forest and Storm Form to your library.
  5602 | D:9      | Got the Parchment of the Assembled Sky
  5640 | D:9      | Noticed a two-headed ogre
  5652 | D:9      | Killed a two-headed ogre
  5653 | D:9      | Reached skill level 15 in Ranged Weapons
  6290 | D:10     | Entered Level 10 of the Dungeon
  6309 | D:10     | Reached skill level 16 in Ranged Weapons
  6321 | D:10     | Reached skill level 3 in Fighting
  6388 | D:10     | Reached skill level 4 in Fighting
  6440 | D:10     | You pick up a book of Iron and begin reading...
  6440 | D:10     | You add the spells Animate Armour, Blade Hands and Iron
                  | Shot to your library.
  6490 | D:10     | Reached skill level 5 in Fighting
  6558 | D:10     | Noticed a gargoyle
  6584 | D:10     | Killed a gargoyle
  6585 | D:10     | Reached skill level 2 in Armour
  6585 | D:10     | Reached skill level 3 in Dodging
  6585 | D:10     | Reached XP level 11. HP: 49/79 MP: 11/11
  6835 | D:10     | Reached skill level 3 in Armour
  6893 | D:10     | Found a staircase to the Orcish Mines.
  7032 | D:11     | Reached skill level 4 in Dodging
  7059 | D:11     | Reached skill level 4 in Armour
  7062 | D:11     | Noticed a sixfirhy
  7114 | D:11     | You pick up a book of Fire and begin reading...
  7114 | D:11     | You add the spells Fireball, Starburst and Ignition to your
                  | library.
  7118 | D:11     | Noticed a manticore
  7132 | D:11     | Killed a manticore
  7133 | D:11     | Reached skill level 5 in Armour
  7133 | D:11     | Reached skill level 5 in Dodging
  7330 | D:11     | Found a staircase to the Lair.
  7533 | D:11     | Noticed a deep elf pyromancer
  7542 | D:11     | Killed a deep elf pyromancer
  7543 | D:11     | Reached skill level 6 in Fighting
  7704 | D:11     | Found a portal to a secret trove of treasure.
  7709 | D:11     | This trove requires the presence of the slimy rune of Zot
                  | to function. Show it the item?
  7998 | D:12     | Reached skill level 7 in Fighting
  8028 | D:12     | Noticed a skeletal warrior
  8034 | D:12     | Noticed a skeletal warrior
  8047 | D:12     | Noticed a skeletal warrior
  8187 | D:12     | Killed a skeletal warrior
  8188 | D:12     | Reached skill level 8 in Fighting
  8193 | D:12     | Killed a skeletal warrior
  8194 | D:12     | Reached skill level 6 in Armour
  8226 | D:12     | Noticed Snorg
  8245 | D:12     | Killed Snorg
  8246 | D:12     | Reached skill level 6 in Dodging
  8353 | D:12     | Reached skill level 7 in Dodging
  8542 | D:12     | Killed a skeletal warrior
  8543 | D:12     | Reached XP level 12. HP: 92/92 MP: 12/12
  8567 | D:12     | Identified the ring "Kosura" {rElec AC+4}
  8579 | D:12     | Reached skill level 8 in Dodging
  8658 | D:12     | Noticed a two-headed ogre
  8664 | D:12     | HP: 19/94 [two-headed ogre/+0 giant spiked club (23)]
  8670 | D:12     | Killed a two-headed ogre
  8671 | D:12     | Reached skill level 9 in Fighting
  8745 | D:12     | Noticed a boulder beetle
  8756 | D:12     | Killed a boulder beetle
  8775 | D:12     | Identified a +2 robe of the Archmagi
  8775 | D:12     | Noticed Nergalle
  8792 | D:12     | Killed Nergalle
  8793 | D:12     | Reached skill level 10 in Fighting
  9018 | D:12     | Noticed a two-headed ogre
  9030 | D:12     | Killed a two-headed ogre
  9031 | D:12     | Reached skill level 9 in Dodging
  9231 | D:12     | Noticed Kirke
  9251 | D:12     | Killed Kirke
  9252 | D:12     | Reached skill level 10 in Dodging
  9560 | Orc:1    | Entered Level 1 of the Orcish Mines
  9560 | Orc:1    | Noticed Erolcha
  9696 | Orc:2    | Entered Level 2 of the Orcish Mines
  9831 | Orc:2    | Paralysed by an orc sorcerer for 3 turns
  9836 | Orc:2    | Reached skill level 11 in Fighting
  9920 | Orc:2    | Noticed a two-headed ogre
  9924 | Orc:2    | Noticed an orc high priest
  9934 | Orc:2    | Killed a two-headed ogre
  9942 | Orc:2    | Reached skill level 12 in Fighting
  9949 | Orc:2    | Noticed a sun demon
  9949 | Orc:2    | Killed an orc high priest
 10033 | Orc:2    | Gained mutation: You can hop long distances. [Barachi
                  | growth]
 10033 | Orc:2    | Reached XP level 13. HP: 108/108 MP: 13/13
 10053 | Orc:2    | Found Lumaidil's Book Shop.
 10057 | Orc:2    | Noticed an orc warlord
 10060 | Orc:2    | Paralysed by an orc sorcerer for 3 turns
 10219 | Lair:1   | Entered Level 1 of the Lair of Beasts
 10226 | D:11     | Reached skill level 11 in Dodging
 10379 | Lair:1   | Found a transporter.
 10433 | Lair:1   | Found a transporter.
 10674 | Lair:1   | Paralysed by a floating eye for 4 turns
 10686 | Lair:1   | Paralysed by a floating eye for 2 turns
 10742 | Lair:1   | Paralysed by a floating eye for 4 turns
 11235 | Lair:2   | Reached skill level 12 in Dodging
 11350 | Lair:2   | Found a dark tunnel.
 11362 | Volcano  | Entered a volcano
 11379 | Volcano  | Reached skill level 17 in Ranged Weapons
 11811 | Lair:2   | Noticed Amaemon
 11827 | Lair:2   | Killed Amaemon
 11830 | Lair:2   | Reached skill level 18 in Ranged Weapons
 11883 | Lair:2   | Found a staircase to the Swamp.
 12111 | Lair:2   | Found a staircase to the Snake Pit.
 12566 | Lair:2   | Bought the +3 pair of gauntlets of War {Slay+5} for 1567
                  | gold pieces
 12566 | Lair:2   | Found the +3 pair of gauntlets of War {Slay+5}
 12575 | Lair:2   | Bought a crude leather armour for 231 gold pieces
 12575 | Lair:2   | Identified the +0 leather armour of Ecupnif {rElec rPois
                  | Regen+} (You bought it in a shop on level 2 of the Lair of
                  | Beasts)
 12720 | Lair:3   | Reached XP level 14. HP: 116/116 MP: 14/14
 12816 | Lair:3   | Reached skill level 13 in Fighting
 12949 | Lair:3   | Reached skill level 14 in Fighting
 13608 | Lair:4   | Reached skill level 13 in Dodging
 13993 | Lair:4   | Found a frozen archway.
 14024 | IceCv    | Entered an ice cave
 14059 | IceCv    | Reached skill level 14 in Dodging
 14165 | IceCv    | You pick up a book of Annihilations and begin reading...
 14165 | IceCv    | You add the spells Chain Lightning, Fire Storm and Shatter
                  | to your library.
 14263 | IceCv    | Reached skill level 15 in Fighting
 14406 | IceCv    | Identified a +2 crystal plate armour of cold resistance
 14413 | IceCv    | f - a +2 crystal plate armour of cold resistance {rare=g}
 14451 | IceCv    | HP: 15/123 [ironbound frostheart/creeping frost (32)]
 14608 | IceCv    | You pick up a book of Ice and begin reading...
 14819 | Lair:2   | Bought ichor-stained fire dragon scales for 2145 gold
                  | pieces
 14819 | Lair:2   | Identified the +8 fire dragon scales of Birdsong {rF++ rC-
                  | SInv} (You bought it in a shop on level 2 of the Lair of
                  | Beasts)
 14819 | Lair:2   | You drop a +2 crystal plate armour of cold resistance
                  | {rare=g}.
 14832 | Lair:2   | F - a +2 crystal plate armour of cold resistance {rare=g}
 15068 | Lair:5   | Entered Level 5 of the Lair of Beasts
 15116 | Lair:5   | Noticed Urug
 15121 | Lair:5   | Killed Urug
 15235 | Lair:5   | Reached XP level 15. HP: 130/130 MP: 15/15
 15340 | Lair:5   | Reached skill level 16 in Fighting
 15349 | Lair:5   | Reached skill level 7 in Armour
 15525 | Lair:5   | Reached skill level 8 in Armour
 15571 | Lair:5   | Noticed Rupert
 15572 | Lair:5   | Paralysed by Rupert for 5 turns
 15584 | Lair:5   | Paralysed by Rupert for 3 turns
 15591 | Lair:5   | Killed Rupert
 15596 | Lair:5   | a +1 triple sword of draining {longrare=g}; a +0 chain mail
 15597 | Lair:5   | a +1 triple sword of draining {longrare=g}; a +0 chain mail
 15597 | Lair:5   | Could not pick up a +1 triple sword of draining
                  | {longrare=g} here; ([A]lways) ignore it?
 15612 | Lair:5   | Found a staircase to the Slime Pits.
 15690 | Lair:5   | Reached skill level 9 in Armour
 16027 | Lair:5   | Reached skill level 10 in Armour
 16483 | Lair:5   | Reached skill level 11 in Armour
 16508 | Lair:5   | Found a corrupted altar of Lugonu.
 16508 | Lair:5   | Found a one-way gate to the infinite horrors of the Abyss.
 16519 | Lair:5   | Identified the ring of Xirepui {Str-3 Int+4 Dex+4 SInv}
 16521 | Lair:5   | You drop a +2 crystal plate armour of cold resistance
                  | {rare=g}.
 16522 | Lair:5   | F - a +2 crystal plate armour of cold resistance {rare=g}
 16523 | Lair:5   | Identified a scroll of acquirement
 16523 | Lair:5   | Acquired the ring "Ylesaili" {rElec rC+ Dex+6 Stlth-}
 16524 | Lair:5   | You drop a +2 crystal plate armour of cold resistance
                  | {rare=g}.
 16532 | Lair:5   | O - a +2 crystal plate armour of cold resistance {rare=g}
 17140 | D:13     | Reached skill level 12 in Armour
 17255 | D:13     | Found a gate to the Vaults.
 17350 | D:13     | Reached skill level 13 in Armour
 17399 | D:13     | You drop a +2 crystal plate armour of cold resistance
                  | {rare=g}.
 17400 | D:13     | O - a +2 crystal plate armour of cold resistance {rare=g}
 18050 | D:13     | You drop a +2 crystal plate armour of cold resistance
                  | {rare=g}.
 18174 | D:14     | You pick up a book of Conjurations {@e2} and begin
                  | reading...
 18174 | D:14     | You add the spells Magic Dart, Searing Ray and Fulminant
                  | Prism to your library.
 18425 | D:14     | Reached skill level 14 in Armour
 18427 | D:14     | Noticed Nessos
 18430 | D:14     | Killed Nessos
 18548 | D:13     | Reached XP level 16. HP: 116/138 MP: 16/16
 18592 | D:13     | Could not pick up a +2 crystal plate armour of cold
                  | resistance {rare=g} here; ([A]lways) ignore it?
 19043 | D:14     | Reached skill level 15 in Armour
 19181 | D:14     | Found a shadowy altar of Dithmenos.
 19362 | D:15     | Entered Level 15 of the Dungeon
 19572 | D:15     | Found a gate leading to a gauntlet.
 19648 | Gauntlet | Entered a Gauntlet
 19648 | Gauntlet | Found a transporter.
 19648 | Gauntlet | Found a runed translucent door.
 19648 | Gauntlet | Found a transporter.
 19648 | Gauntlet | Found a runed translucent door.
 19649 | Gauntlet | Found a transporter.
 19649 | Gauntlet | Found a transporter.
 19653 | Gauntlet | Found a transporter.
 19692 | Gauntlet | Found a transporter.
 19694 | Gauntlet | Found a transporter.
 19695 | Gauntlet | Found a transporter.
 19707 | Gauntlet | Found a transporter.
 19723 | Gauntlet | Found a transporter.
 19731 | Gauntlet | Found a runed translucent door.
 19733 | Gauntlet | Found a transporter.
 19736 | Gauntlet | Found a runed translucent door.
 19738 | Gauntlet | Found a transporter.
 19782 | Gauntlet | Found a transporter.
 19783 | Gauntlet | Found a runed translucent door.
 19796 | Gauntlet | Found a transporter.
 19901 | Gauntlet | Identified the +0 helmet of Hangman {rC- Will+++ Str+2
                  | Int+3}
 20163 | Gauntlet | Identified the ring of Zuschoal {rPois rF+ Int-2 SInv}
 20168 | Gauntlet | Reached skill level 16 in Armour
 20181 | Gauntlet | You pick up a book of Hexes and begin reading...
 20181 | Gauntlet | You add the spells Inner Flame, Cause Fear and Discord to
                  | your library.
 20181 | Gauntlet | You add the spells Dazzling Flash, Spellforged Servitor and
                  | Orb of Destruction to your library.
 20181 | Gauntlet | Got the Spellbook of the Unholy Barrage
 20548 | D:15     | Found a staircase to the Depths.
 20628 | D:15     | Reached skill level 17 in Fighting
 21449 | Orc:1    | HP: 33/139 [orc high priest/+0 scimitar (4)]
 21859 | Orc:2    | Found Huuner's General Store.
 21888 | Orc:2    | Bought a scroll of fear for 68 gold pieces
 21927 | Orc:2    | Found Umouc's Antique Weapon Shop.
 22033 | Orc:2    | Found Aggemi's Antique Armour Boutique.
 22037 | Orc:2    | Found a staircase to the Elven Halls.
 22609 | Orc:1    | Noticed Jorgrun
 22609 | Orc:1    | Noticed Josephine
 22622 | Orc:2    | Reached skill level 18 in Fighting
 22769 | Orc:2    | Killed Josephine
 23132 | Orc:1    | Killed Erolcha
 23141 | Orc:1    | Killed Jorgrun
 23595 | Snake:1  | Entered Level 1 of the Snake Pit
 23647 | Snake:1  | You pick up a book of Flames and begin reading...
 23647 | Snake:1  | You add the spells Foxfire, Conjure Flame and Flame Wave to
                  | your library.
 23651 | Snake:1  | Noticed kd29's ghost (journeyman FeSu)
 23653 | Snake:1  | Found a bloodstained altar of Trog.
 23653 | Snake:1  | Identified the ring of Grontol {Fire Str-5 Int+8}
 23658 | Snake:1  | Found a transporter.
 23661 | Snake:1  | Found a transporter.
 23696 | Snake:1  | Found Taip's Book Shoppe.
 23827 | Snake:1  | Reached skill level 17 in Armour
 23841 | Snake:1  | Noticed Aizul
 23858 | Snake:1  | Killed Aizul
 23860 | Snake:1  | Noticed Louise
 23871 | Snake:1  | Killed Louise
 24289 | Snake:1  | You pick up a book of the Wilderness and begin reading...
 24289 | Snake:1  | You add the spells Summon Mana Viper and Summon Cactus
                  | Giant to your library.
 24302 | Snake:1  | You pick up a book of Fire and begin reading...
 24707 | Snake:2  | Reached XP level 17. HP: 142/149 MP: 17/17
 24782 | Snake:2  | Reached skill level 18 in Armour
 25074 | Snake:2  | You pick up a book of Conjurations {@e2} and begin
                  | reading...
 25271 | Snake:2  | Reached skill level 15 in Dodging
 26284 | Snake:3  | Found Cottug's Distillery.
 26297 | Snake:3  | Bought 2 potions of mutation for 240 gold pieces
 26297 | Snake:3  | Bought a potion of cancellation for 120 gold pieces
 26297 | Snake:3  | Bought a potion of magic for 120 gold pieces
 26297 | Snake:3  | Bought a potion of resistance for 150 gold pieces
 26297 | Snake:3  | Bought a potion of curing for 45 gold pieces
 26297 | Snake:3  | Bought a potion of mutation for 120 gold pieces
 26330 | Snake:3  | Reached skill level 16 in Dodging
 26814 | Snake:4  | Entered Level 4 of the Snake Pit
 27295 | Snake:4  | Reached skill level 19 in Armour
 27541 | Snake:4  | Noticed Vashnia
 27608 | Snake:4  | Reached skill level 20 in Armour
 27639 | Snake:4  | Killed Vashnia
 27767 | Snake:4  | Reached XP level 18. HP: 157/157 MP: 18/18
 27964 | Snake:4  | Got a serpentine rune of Zot
 28132 | Snake:4  | Reached skill level 19 in Fighting
 28621 | Elf:1    | Entered Level 1 of the Elven Halls
 29070 | Elf:1    | Found Vuil's Antique Armour Emporium.
 29246 | Elf:1    | Found an ancient bone altar of Kikubaaqudgha.
 29385 | Elf:1    | Identified the amulet of Hyteqil {Fragile Will+ Regen+
                  | Str+4}
 29651 | Elf:2    | Reached skill level 20 in Fighting
 29831 | Elf:2    | Found a flickering gateway to a bazaar.
 29881 | Bazaar   | Entered a bazaar
 29881 | Bazaar   | Found Xascha's Magic Scroll Shop.
 29886 | Bazaar   | Found Rokluosam's Jewellery Shoppe.
 29901 | Bazaar   | Found Coghyff's Magic Scroll Boutique.
 29903 | Bazaar   | Found Razism's General Store.
 29912 | Bazaar   | Found Boshrett's Weapon Shoppe.
 29925 | Bazaar   | Bought a potion of heal wounds for 45 gold pieces
 29925 | Bazaar   | Bought a potion of curing for 27 gold pieces
 29931 | Bazaar   | Bought a scroll of enchant armour for 67 gold pieces
 29931 | Bazaar   | Bought a scroll of magic mapping for 67 gold pieces
 29931 | Bazaar   | Bought a scroll of teleportation for 27 gold pieces
 29945 | Bazaar   | Bought a ring of flight for 210 gold pieces
 29953 | Bazaar   | Bought a scroll of blinking for 97 gold pieces
 29953 | Bazaar   | Bought a scroll of enchant weapon for 97 gold pieces
 29953 | Bazaar   | Bought a scroll of teleportation for 39 gold pieces
 29953 | Bazaar   | Bought a scroll of blinking for 97 gold pieces
 29953 | Bazaar   | Bought a scroll of poison for 52 gold pieces
 29953 | Bazaar   | Bought a scroll of enchant armour for 97 gold pieces
 29961 | Bazaar   | Bought a ring of positive energy for 240 gold pieces
 30141 | Elf:2    | Reached skill level 17 in Dodging
 30469 | Elf:2    | Found a runed translucent gate.
 30469 | Elf:2    | Found a runed translucent gate.
 30469 | Elf:2    | Found a runed translucent gate.
 30533 | Elf:3    | Entered Level 3 of the Elven Halls
 30791 | Elf:3    | Noticed a deep elf blademaster
 30803 | Elf:3    | Killed a deep elf blademaster
 30817 | Elf:3    | Noticed a Tzitzimitl
 30820 | Elf:3    | HP: 30/162 [???[a deep elf demonologist] (27)]
 30821 | Elf:3    | Noticed a Tzitzimitl
 30825 | Elf:3    | HP: 17/162 [poisoned by a deep elf annihilator (poison
                  | arrow)]
 30835 | Elf:3    | HP: 27/162 [ufetubus[a deep elf demonologist] (4)]
 30986 | Elf:3    | Reached skill level 18 in Dodging
 31053 | Elf:3    | Noticed a deep elf master archer
 31055 | Elf:3    | Killed a deep elf master archer
 31189 | Elf:3    | Identified the +11 great mace of Nemelex Xobeh's Pride
                  | {vamp, rC+ rN+ Int+4 Dex+2}
 31189 | Elf:3    | Identified the amulet "Tiroazub" {Spirit rPois}
 31383 | Elf:3    | Noticed a deep elf blademaster
 31386 | Elf:3    | Paralysed by an air elemental for 1 turns
 31402 | Elf:3    | Killed a deep elf blademaster
 31403 | Elf:3    | Reached XP level 19. HP: 96/169 MP: 19/19
 31414 | Elf:3    | Paralysed by an air elemental for 1 turns
 31438 | Elf:3    | Paralysed by an air elemental for 1 turns
 31442 | Elf:3    | Noticed an Ice Fiend
 31576 | Elf:3    | Identified a +1 crystal plate armour
 31576 | Elf:3    | Identified the ring of Muuthril {Str+7 Int+6 Dex+3}
 31612 | Elf:3    | Reached skill level 21 in Armour
 31613 | Elf:3    | Identified the +2 leather armour of the Elephant {rPois
                  | Will+ Int+7 Dex-4}
 31710 | Elf:3    | Identified the +8 chain mail of the Mangosteen {Int+4}
 31712 | Elf:3    | You pick up a book of Touch and begin reading...
 31712 | Elf:3    | You add the spells Static Discharge, Sticky Flame and
                  | Dispel Undead to your library.
 31743 | Elf:3    | Could not pick up a +1 crystal plate armour {rare=g} and
                  | the ring of Muuthril {Str+7 Int+6 Dex+3} here; ([A]lways)
                  | ignore them?
 31754 | Elf:3    | Identified the ring "Luakan" {*Slow rF+ rN++ Str+6 Dex+9}
 31930 | Elf:3    | Got the Vellum of Leadership and Unhallowed Secrets
 31936 | Elf:3    | You pick up a book of Cantrips and begin reading...
 31936 | Elf:3    | You add the spells Necrotise, Summon Small Mammal and
                  | Apportation to your library.
 31969 | Elf:3    | Identified the +1 pair of boots "Fougeidu" {rF++ MP+9}
 32036 | Elf:3    | Got the Treatise on Hiemal Attendants
 32067 | Elf:3    | You add the spells Teleport Other, Agony and Death Channel
                  | to your library.
 32067 | Elf:3    | Got Sif Muna's Cyclopedia of Macabre Wanderlust
 32734 | Swamp:1  | Entered Level 1 of the Swamp
 32764 | Swamp:1  | Bought a scarf of resistance for 544 gold pieces
 33419 | Swamp:1  | You pick up a book of Air and begin reading...
 33419 | Swamp:1  | You add the spells Shock, Swiftness and Airstrike to your
                  | library.
 33485 | Swamp:1  | Reached skill level 22 in Armour
 33504 | Swamp:1  | You pick up a book of Minor Magic and begin reading...
 33504 | Swamp:1  | You add the spells Call Imp and Mephitic Cloud to your
                  | library.
 33638 | Swamp:1  | Found a sacrificial altar of Ru.
 33900 | Swamp:2  | Identified Roxanne's Papyrus of Terra Firma
 33900 | Swamp:2  | Noticed Roxanne
 33909 | Swamp:2  | Killed Roxanne
 33918 | Swamp:2  | You add the spells Sandblast, Stone Arrow, Leda's
                  | Liquefaction, Lee's Rapid Deconstruction and Statue Form to
                  | your library.
 33927 | Swamp:2  | You pick up a book of the Spheres and begin reading...
 33927 | Swamp:2  | You add the spells Iskenderun's Battlesphere and Conjure
                  | Ball Lightning to your library.
 34059 | Swamp:2  | You pick up a book of Minor Magic and begin reading...
 34160 | Swamp:2  | Noticed Frances
 34177 | Swamp:2  | Killed Frances
 34434 | Swamp:3  | Reached skill level 21 in Fighting
 35027 | Swamp:4  | Entered Level 4 of the Swamp
 35189 | Swamp:4  | Identified the +5 rapier of Wariness {chaos, rElec rCorr
                  | MP-9 Stlth+}
 35356 | Swamp:4  | Reached skill level 22 in Fighting
 35387 | Swamp:4  | Noticed the 27-headed Lernaean hydra
 35392 | Swamp:4  | Killed the 27-headed Lernaean hydra
 35407 | Swamp:4  | Reached XP level 20. HP: 177/182 MP: 20/20
 35530 | Swamp:4  | Got a decaying rune of Zot
 35794 | Swamp:4  | Reached skill level 19 in Dodging
 35855 | Swamp:4  | Found a basalt altar of Yredelemnul.
 35932 | Swamp:4  | You pick up a book of Rime and begin reading...
 35932 | Swamp:4  | You add the spells Frozen Ramparts, Ice Form and Summon Ice
                  | Beast to your library.
 36369 | Vaults:1 | Entered Level 1 of the Vaults
 36636 | Vaults:1 | Reached skill level 20 in Dodging
 36737 | Vaults:1 | You pick up a book of Conjurations {@e2} and begin
                  | reading...
 36756 | Vaults:1 | You pick up a book of Decay and begin reading...
 37729 | Vaults:2 | Identified the ring of Sunlight {+Blink rF- rCorr EV+4}
 37947 | Vaults:2 | Reached skill level 23 in Fighting
 38704 | Vaults:3 | You pick up a book of Rime and begin reading...
 38760 | Vaults:3 | Reached skill level 24 in Fighting
 38780 | Vaults:3 | Reached XP level 21. HP: 147/195 MP: 21/21
 39088 | Vaults:3 | Noticed Frederick
 39095 | Vaults:3 | Killed Frederick
 39135 | Vaults:3 | Noticed Xtahua
 39145 | Vaults:3 | Killed Xtahua
 39195 | Vaults:3 | Noticed Margery
 39216 | Vaults:3 | Reached skill level 23 in Armour
 39245 | Vaults:3 | Killed Margery
 39273 | Vaults:3 | Could not pick up +1 storm dragon scales {rare} here;
                  | ([A]lways) ignore it?
 39301 | Vaults:3 | Found a staircase to the Crypt.
 39693 | Vaults:3 | You pick up a book of Unlife and begin reading...
 39870 | Vaults:4 | Bought a scroll of teleportation for 36 gold pieces
 39870 | Vaults:4 | Bought a scroll of enchant weapon for 90 gold pieces
 39870 | Vaults:4 | Bought a scroll of teleportation for 36 gold pieces
 39870 | Vaults:4 | Bought a scroll of silence for 114 gold pieces
 39946 | Vaults:4 | Identified the +5 arbalest of Watchfulness {flame, Int+2}
 40045 | Vaults:4 | Reached skill level 24 in Armour
 40519 | Vaults:4 | Reached skill level 21 in Dodging
 40592 | Vaults:4 | Identified the amulet "Voejut" {-Cast Rampage Drain +Blink
                  | Regen+}
 40902 | Vaults:5 | Entered Level 5 of the Vaults
 40914 | Vaults:5 | HP: 27/195 [white very ugly thing (44)]
 40919 | Vaults:5 | HP: 47/195 [titan (47)]
 40924 | Vaults:5 | HP: 39/195 [war gargoyle/+0 morningstar (20)]
 40925 | Vaults:5 | HP: 13/195 [war gargoyle/spray of metal splinters (12)]
 40927 | Vaults:5 | HP: 6/195 [poisoned by you (poison gas)]
 40932 | Vaults:5 | HP: 30/195 [poisoned by you (poison gas)]
 40932 | Vaults:5 | HP: 11/195 [war gargoyle/+4 flail of protection (19)]
 40932 | Vaults:5 | Killed from afar by a war gargoyle

Vanquished Creatures
  Frederick (Vaults:3)
  Xtahua (Vaults:3)
  the Lernaean hydra (Swamp:4)
  Vashnia (Snake:4)
  Margery (Vaults:3)
  Jorgrun (Orc:1)
  Rupert (Lair:5)
  2 deep elf blademasters (Elf:3)
  2 deep elf master archers (Elf:3)
  Frances (Swamp:2)
  An ancient champion (Vaults:3)
  2 thorn hunters
  Kirke (D:12)
  4 sphinxes
  A revenant (Vaults:3)
  Roxanne (Swamp:2)
  6 nagarajas
  Louise (Snake:1)
  4 vault wardens
  6 orc warlords
  Aizul (Snake:1)
  6 deep elf elementalists
  9 ironbound preservers
  3 very ugly things (Vaults:4)
  5 ironbound thunderhulks
  Nessos (D:14)
  5 eleionomae
  9 bunyips
  2 entropy weavers
  7 deep elf demonologists
  5 dire elephants (Vaults:1)
  A minotaur (Gauntlet)
  6 deep elf annihilators
  An eidolon (Vaults:3)
  An ettin (D:15)
  2 crystal guardians (Vaults:4)
  6 deep elf death magi (Elf:3)
  Snorg (D:12)
  A shambling mangrove (Swamp:2)
  5 great orbs of eyes
  5 yaktaur captains
  Josephine (Orc:2)
  5 vault guards (Vaults:4)
  A fire dragon (D:13)
  Erolcha (Orc:1)
  19 hydras
  A ghost crab (Swamp:4)
  A peacekeeper (Vaults:4)
  4 boulder beetles
  15 centaur warriors
  2 catoblepae
  9 ironbound frosthearts
  16 naga warriors
  8 anacondas
  10 alligators
  4 two-headed ogres
  15 dancing weapons
  2 tengu warriors
  3 orc high priests
  2 thrashing horrors (Lair:5)
  Urug (Lair:5)
  16 naga sharpshooters
  5 shock serpents
  Nergalle (D:12)
  4 deep elf knights
  9 skeletal warriors
  Amaemon (Lair:2)
  4 hell knights (Vaults:3)
  2 sixfirhies (Gauntlet)
  4 goliath frogs
  25 deep trolls
  11 deep elf archers
  3 spriggan druids
  A swamp dragon (shapeshifter) (Lair:5)
  2 naga ritualists
  Pikel (D:6)
  7 wizards
  16 swamp dragons
  10 lindwurms
  8 bog bodies
  15 ironbound convokers
  An obsidian statue (Gauntlet)
  5 necromancers
  35 deep elf pyromancers
  27 orc knights
  7 mana vipers
  20 deep elf zephyrmancers
  2 oklob plants (Lair:1)
  9 orc sorcerers
  A stone giant zombie (Vaults:3)
  34 ugly things
  2 manticores
  6 salamanders
  6 cyclopes
  4 elephants (Lair:4)
  2 large abominations (Lair:5)
  6 will-o-the-wisps
  17 vault sentinels
  7 guardian serpents
  30 black mambas
  A stone giant skeleton (Vaults:3)
  A smoke demon (Lair:5)
  A torpor snail (Lair:5)
  A rust devil (Gauntlet)
  12 naga magi
  2 unseen horrors
  An elf zombie (Vaults:2)
  2 gargoyles
  An orange demon (Lair:2)
  An ice statue (IceCv)
  4 centaur skeletons (D:13)
  12 cane toads
  A rime drake (Lair:4)
  A cane toad (shapeshifter) (D:14)
  6 komodo dragons
  An ancient zyme (Lair:5)
  3 kobold demonologists
  An efreet (D:12)
  3 tengu conjurers
  28 yaktaurs
  A freezing wraith (Vaults:3)
  7 trolls
  3 bloated husks
  10 hornets
  A troll (shapeshifter) (D:15)
  19 polar bears
  19 slime creatures
  7 tyrant leeches
  22 blink frogs
  2 human simulacra (Vaults:3)
  5 dream sheep
  Sigmund (D:6)
  An air elemental (Elf:3)
  8 spriggans
  6 wraiths
  A culicivora (Vaults:4)
  4 water elementals
  72 yaks
  3 ynoxinuls
  5 fire elementals
  A hog (shapeshifter) (Elf:1)
  3 wyverns
  4 hogs (D:12)
  A human (D:12)
  A chaos spawn (Lair:5)
  5 basilisks
  A redback (Vaults:4)
  3 steam dragons
  12 vampire mosquitoes
  2 redbacks (shapeshifter)
  Menkaure (D:7)
  A yaktaur simulacrum (Vaults:2)
  2 acid dragons
  36 nagas
  17 swamp worms
  7 small abominations (Lair:5)
  9 wargs
  10 water moccasins
  A glowing shapeshifter skeleton (Vaults:2)
  A floating eye (Lair:1)
  4 hell hounds (Volcano)
  32 orc warriors
  8 swamp drakes
  4 ice beasts
  3 black bears
  5 ogres
  9 centaurs
  4 boggarts (Vaults:1)
  18 wolves
  4 lemures (D:6)
  3 human zombies
  A necrophage (D:7)
  A kobold brigand (D:6)
  9 bullfrogs
  3 earth elementals
  4 scorpions
  15 wights
  6 killer bees (D:10)
  3 howler monkeys
  3 jellies
  11 electric eels
  A hound (D:7)
  A gnoll bouda (D:8)
  17 orc priests
  2 iron imps (Gauntlet)
  4 iguanas
  15 orc wizards
  4 hell rats (Lair:4)
  10 adders
  4 gnolls (D:8)
  An adder (shapeshifter) (Lair:5)
  A shadow imp (D:8)
  A white imp (D:7)
  2 ufetubi (D:5)
  A worm (D:5)
  2 dart slugs
  64 orcs
  10 bats
  5 endoplasms
  5 giant cockroaches
  4 goblins
  4 hobgoblins
  4 jackals
  7 quokkas
  3 ball pythons
  A frilled lizard (D:2)
  10 kobolds
  9 rats
1347 creatures vanquished.

Vanquished Creatures (others)
  A great orb of eyes (Vaults:1)
  A deep elf zephyrmancer (Elf:1)
  11 foxfires (Swamp:2)
  34 fungi
  26 plants
73 creatures vanquished.

Grand Total: 1420 creatures vanquished

Table legend:
 A = Non-vault XP
 B = Vault XP
 C = Vault XP percentage of total XP
 D = Non-vault monster count
 E = Vault monster count
 F = Vault count percentage of total count
                 A         B        C        D         E       F
            +---------+---------+-------+---------+---------+-------
      Total |  320204 |  268851 |  45.6 |     895 |     449 |  33.4
            +---------+---------+-------+---------+---------+-------
        D:1 |      23 |       0 |   0.0 |      13 |       0 |   0.0
        D:2 |      52 |       0 |   0.0 |      18 |       0 |   0.0
        D:3 |      54 |       0 |   0.0 |      24 |       0 |   0.0
        D:4 |     113 |       0 |   0.0 |      16 |       0 |   0.0
        D:5 |     535 |       0 |   0.0 |      13 |       0 |   0.0
        D:6 |    1275 |     928 |  42.1 |      25 |       2 |   7.4
        D:7 |    1003 |     169 |  14.4 |      12 |       1 |   7.7
        D:8 |    1228 |       0 |   0.0 |      16 |       0 |   0.0
        D:9 |    2836 |       0 |   0.0 |      21 |       0 |   0.0
       D:10 |    1217 |     821 |  40.3 |      23 |       2 |   8.0
       D:11 |    4005 |     355 |   8.1 |      15 |       1 |   6.2
       D:12 |    8423 |    3903 |  31.7 |      29 |       7 |  19.4
       D:13 |    8363 |    7459 |  47.1 |      18 |      20 |  52.6
       D:14 |   10163 |    1056 |   9.4 |      16 |       1 |   5.9
       D:15 |   11680 |    4455 |  27.6 |      27 |       6 |  18.2
     Lair:1 |    5637 |    1282 |  18.5 |      20 |       3 |  13.0
     Lair:2 |    5014 |    1659 |  24.9 |      17 |       5 |  22.7
     Lair:3 |    8255 |    1643 |  16.6 |      32 |       5 |  13.5
     Lair:4 |    8782 |    2061 |  19.0 |      31 |       9 |  22.5
     Lair:5 |    7355 |   12272 |  62.5 |      25 |      36 |  59.0
    Swamp:1 |   14227 |       0 |   0.0 |      28 |       0 |   0.0
    Swamp:2 |   11680 |    2879 |  19.8 |      23 |       2 |   8.0
    Swamp:3 |   11350 |       0 |   0.0 |      18 |       0 |   0.0
    Swamp:4 |   12913 |   27368 |  67.9 |      24 |      39 |  61.9
    Snake:1 |    6612 |    2407 |  26.7 |      14 |       2 |  12.5
    Snake:2 |   23165 |       0 |   0.0 |      47 |       0 |   0.0
    Snake:3 |   10907 |    1256 |  10.3 |      18 |       2 |  10.0
    Snake:4 |   12091 |   27769 |  69.7 |      29 |      36 |  55.4
      Orc:1 |    2884 |    8717 |  75.1 |      23 |      17 |  42.5
      Orc:2 |    7429 |    5485 |  42.5 |      53 |      18 |  25.4
      Elf:1 |    4571 |   10402 |  69.5 |       8 |      17 |  68.0
      Elf:2 |   20890 |    4321 |  17.1 |      33 |       6 |  15.4
      Elf:3 |   11188 |   29685 |  72.6 |      24 |      28 |  53.8
   Vaults:1 |   12429 |   15594 |  55.6 |      30 |      24 |  44.4
   Vaults:2 |   18878 |   13622 |  41.9 |      34 |      18 |  34.6
   Vaults:3 |   22301 |   26473 |  54.3 |      36 |      25 |  41.0
   Vaults:4 |   30676 |   31549 |  50.7 |      42 |      41 |  49.4
   Vaults:5 |       0 |    1299 | 100.0 |       0 |       2 | 100.0
      IceCv |       0 |   12082 | 100.0 |       0 |      51 | 100.0
    Volcano |       0 |    5994 | 100.0 |       0 |      15 | 100.0
   Gauntlet |       0 |    3886 | 100.0 |       0 |       8 | 100.0
            +---------+---------+-------+---------+---------+-------

Illustrated notes

Table legend:
 A = Kills in this place as a percentage of kills in entire the game.
 B = Kills by you in this place as a percentage of kills by you in the entire game.
 C = Kills by friends in this place as a percentage of kills by friends in the entire game.
 D = Other kills in this place as a percentage of other kills in the entire game.
 E = Experience gained in this place as a percentage of experience gained in the entire game.
 F = Experience gained in this place divided by the number of levels of this place that you have seen.
                   A       B       C       D       E      F
               +-------+-------+-------+-------+-------+----------------------
         Total | 100.0 | 100.0 |   N/A | 100.0 | 100.0 | 13699.0
       Dungeon |  24.3 |  24.3 |   N/A |   0.0 |  11.9 | 4674.4
          Lair |  13.6 |  13.6 |   N/A |   0.0 |   9.2 | 10792.0
         Swamp |  10.0 |  10.0 |   N/A |   0.0 |  13.7 | 20104.2
     Snake Pit |  11.0 |  11.0 |   N/A |   0.0 |  14.3 | 21051.8
  Orcish Mines |   8.3 |   8.3 |   N/A |   0.0 |   4.2 | 12257.5
   Elven Halls |   8.6 |   8.6 |   N/A |  50.0 |  13.8 | 27019.0
        Vaults |  18.8 |  18.7 |   N/A |  50.0 |  29.3 | 34564.2
      Ice Cave |   3.8 |   3.8 |   N/A |   0.0 |   2.1 | 12082.0
       Volcano |   1.1 |   1.1 |   N/A |   0.0 |   1.0 | 5994.0
      Gauntlet |   0.6 |   0.6 |   N/A |   0.0 |   0.7 | 3886.0
               +-------+-------+-------+-------+-------+----------------------

Table legend: (Time is in decaauts)
 A = Elapsed time spent in this place.
 B = Non-inter-level travel time spent in this place.
 C = Inter-level travel time spent in this place.
 D = Time resting spent in this place.
 E = Time spent auto-exploring this place.
 F = Levels seen in this place.
 G = Mean time per level.
                   A        B        C        D        E       F      G
               +--------+--------+--------+--------+--------+-----+--------+
         Total |  46858 |  42867 |   3991 |   2205 |  30878 |  43 | 1089.7 |
       Dungeon |  15973 |  14411 |   1562 |    404 |  11314 |  15 | 1064.9 |
        Temple |     17 |     10 |      7 |      0 |      0 |   1 |   17.0 |
          Lair |   7093 |   6217 |    876 |    195 |   4729 |   5 | 1418.6 |
         Swamp |   3427 |   3219 |    208 |    139 |   2452 |   4 |  856.8 |
     Snake Pit |   5488 |   5266 |    222 |    474 |   3964 |   4 | 1372.0 |
  Orcish Mines |   3288 |   2903 |    385 |    439 |   1693 |   2 | 1644.0 |
   Elven Halls |   4600 |   4008 |    592 |    300 |   2518 |   3 | 1533.3 |
        Vaults |   5217 |   5081 |    136 |     92 |   3783 |   5 | 1043.4 |
        Bazaar |    105 |    105 |      0 |      0 |      7 |   1 |  105.0 |
      Ice Cave |    738 |    738 |      0 |      0 |    209 |   1 |  738.0 |
       Volcano |    283 |    283 |      0 |     42 |     82 |   1 |  283.0 |
      Gauntlet |    624 |    624 |      0 |    120 |    123 |   1 |  624.0 |
               +--------+--------+--------+--------+--------+-----+--------+

Top non-repeatable levels by time:
   Elf:3: 2020 daAuts
   Orc:2: 1882 daAuts
    D:13: 1839 daAuts
  Lair:5: 1753 daAuts
  Lair:2: 1707 daAuts
 Snake:4: 1704 daAuts
    D:12: 1593 daAuts
   Elf:1: 1537 daAuts
    D:11: 1535 daAuts
 Snake:2: 1420 daAuts
   Orc:1: 1406 daAuts
Vaults:3: 1371 daAuts
  Lair:4: 1342 daAuts
Vaults:2: 1299 daAuts
    D:10: 1289 daAuts
